Match 41387182
Unlisted

Match 41387182
End
Royal Engineer Section
Construct Section Command Post
Selects Canadian Shock Battlegroup
Dingo Light Scout Car
Infantry Section
Infantry Section
Vickers Machine Gun Team
Construct Field Infirmary
Infantry Section
Selects Attacking Spirit
Selects Canadian Shock Section
Selects Incendiary Munitions
Construct Platoon Command Post
Infantry Training
Grenade Package
6-pounder Anti-tank Gun Team
Humber Armored Car
Royal Engineer Section
Selects Pyrotechnics
Canadian Shock Section
Construct Company Command Post
Crusader II Medium Tank
Selects Churchill Crocodile Heavy Tank
Foot Guards Section
Churchill Crocodile Heavy Tank
Selects Smoke Operation
DaPopeCOH
Fortune
0
0

Comments sign in to comment!

No comments posted yet!